Description

I fixed this version to closer represent the actual build.

Build Order

Get SALT Encoding   

    0:00  Probe (Chrono Boost)  
  14  0:17  Pylon  
  16  0:36  Gateway  --> SCOUT
  17  0:45  Assimilator  
  19  1:21  Nexus  
  20  1:31  Cybernetics Core  
  21  1:38  Assimilator  
  22  1:49  Pylon  
  22  1:53  Stalker (Chrono Boost)  + WG
    2:17  Stalker (Chrono Boost)  @100% first stalker
  29  2:32  Robotics Facility  
    2:45  Probe (Chrono Boost)  
  34  2:54  Twilight Council  
  36  3:12  Gateway x2  
    3:10  Observer x4 (Chrono Boost)  chrono only first one
    3:30  Blink  @100% twilight
  41  3:37  Pylon  
  46  4:00  Nexus  If safe enough
    4:10  Assimilator x2  
    4:20  Stalker x3  @100% WG
  46  4:30  Pylon  
    4:45  Forge x2 (Chrono Boost)  Constant chrono
    5:00  Sentry x2  
    5:40  Gateway x5  
    5:50  Assimilator x2  for your 3rd
    5:60  Charge  @100% blink
    7:00  Action  @6:00 Immortals --> warp prism --> 4th base when safe
    8:00  Action  Extra gates + Templar archives
    10:00  Action  End of buildorder
Spawning Tool Build Advisor. Get it on Overwolf

Go to:

Details

  • Created by: legion
  • Published on: Nov 22, 2017
  • Modified on: Nov 26, 2017
  • Patch: 4.0.0
Show
View Real Time Build Order
Export as new Build Order

Comments (0)

There are no comments. Be the first!

Create an account to comment!